 Dungeon Crawl Stone Soup version 0.20.1-1-g8b1a95d (webtiles) character file.

13439 michal191288 the Basher (level 12, -11/73 HPs)
             Began as a Gargoyle Fighter on Oct 25, 2017.
             Was an Elder of Makhleb.
             Mangled by vallasvow's ghost (19 damage)
             ... on level 11 of the Dungeon.
             The game lasted 01:23:01 (13513 turns).

michal191288 the Basher (Gargoyle Fighter)         Turns: 13513, Time: 01:23:02

Health: -11/73     AC: 34    Str: 27    XL:     12   Next: 6%
Magic:  0/12       EV:  8    Int: 10    God:    Makhleb [****..]
Gold:   336        SH: 14    Dex: 11    Spells: 11/11 levels left

rFire    . . .     SeeInvis +   h - +6 mace (drain)
rCold    + . .     Gourm    .   c - +1 shield
rNeg     + + .     Faith    .   I - +4 plate armour {rN+}
rPois    ∞         Spirit   +   x - +0 helmet of Gow Jang {Dex+2 SInv}
rElec    +         Reflect  .   R - +0 cloak
rCorr    .         Harm     .   N - +2 pair of gloves {Str+3}
MR       .....                  S - +0 pair of boots
Stlth    ..........             W - amulet of guardian spirit
Regen    0.3/turn               y - ring of protection from cold
MPRegen  0.2/turn               C - ring of stealth

@: no status effects
A: negative energy resistance 1, electricity resistance, unbreathing,
petrification resistance, rot immunity, AC +8
a: Minor Destruction, Lesser Servant of Makhleb, Major Destruction, Renounce
Religion


You were on level 11 of the Dungeon.
You worshipped Makhleb.
Makhleb was greatly pleased with you.
You were not hungry.

You visited 2 branches of the dungeon, and saw 12 of its levels.

You collected 768 gold pieces.
You spent 432 gold pieces at shops.

Inventory:

Hand Weapons
 h - a +6 mace of draining (weapon)
 z - a +2 great sword of holy wrath
 J - a +3 dire flail of freezing
 L - a +2 flail of protection
Missiles
 j - 8 tomahawks (quivered)
 q - 8 javelins
Armour
 c - a +1 shield (worn)
 x - the +0 helmet of Gow Jang (worn) {Dex+2 SInv}
   (You found it on level 3 of the Dungeon)

   It affects your dexterity (+2).
   It lets you see invisible.
 I - a +4 plate armour of positive energy (worn)
 N - a +2 pair of gloves of strength (worn)
 O - a +0 troll leather armour
 R - a +0 cloak (worn)
 S - a +0 pair of boots (worn)
Magical Staves
 p - an uncursed staff of conjuration {unknown}
 r - an uncursed staff of cold {unknown}
Jewellery
 a - an uncursed ring of magical power {unknown}
 y - a ring of protection from cold (left hand)
 C - a ring of stealth (right hand)
 E - an uncursed ring of see invisible
 W - an amulet of guardian spirit (around neck)
Wands
 b - a wand of lightning (10/15)
 k - a wand of disintegration (14/24)
 Q - a wand of paralysis (12/24)
 T - a wand of flame (28/48)
 Z - a wand of enslavement (7/24)
Scrolls
 l - a scroll of immolation {unknown}
 o - 8 scrolls of remove curse
 t - 2 scrolls of random uselessness {unknown}
 w - 5 scrolls of teleportation
 A - 8 scrolls of noise
 D - 2 scrolls of amnesia
 M - a scroll of summoning {unknown}
 P - 8 scrolls of identify
 U - a scroll of enchant weapon
 X - a scroll of blinking
 Y - a scroll of recharging
Potions
 d - 5 potions of might
 e - a potion of agility {unknown}
 f - 2 potions of flight {unknown}
 g - 2 potions of resistance {unknown}
 m - a potion of mutation {unknown}
 n - a potion of brilliance {unknown}
 u - 2 potions of lignification {unknown}
 v - 4 potions of heal wounds {unknown}
 F - 2 potions of curing {unknown}
 G - a potion of berserk rage {unknown}
 K - a potion of ambrosia {unknown}
Comestibles
 i - 6 royal jellies
 s - 2 bread rations
 B - 5 meat rations
 H - a chunk of flesh
 V - 31 fruits


   Skills:
 + Level 7.6 Fighting
 + Level 11.6 Maces & Flails
 + Level 3.1 Throwing
 + Level 9.1 Armour
 + Level 2.7 Dodging
 + Level 1.3 Stealth
 + Level 11.5 Shields
 + Level 0.1 Evocations


You had 11 spell levels left.
You didn't know any spells.

Dungeon Overview and Level Annotations

Branches:
Dungeon (11/15)            Temple (1/1) D:6            Lair (0/6) D:9
    Orc (0/2) D:10

Altars:
Ashenzari
Cheibriados
Dithmenos
Elyvilon
Fedhas
Gozag
Hepliaklqana
Kikubaaqudgha
Makhleb
Nemelex Xobeh
Okawaru
Qazlal
Ru
Sif Muna
Trog
Uskayaw
Vehumet
Xom
Yredelemnul
Zin
The Shining One

Shops:
D:7 ?   D:8 %   D:9 ?   D:10 }

Annotations:
D:11 vallasvow's ghost, journeyman TrMo


Innate Abilities, Weirdness & Mutations

You are resistant to torment.
Your stone body is resilient. (AC +8)
You are immune to poison.
You resist negative energy. (rN+)
You are resistant to electric shocks. (rElec)
You can survive without breathing.
You are immune to petrification.
You are immune to rotting.


Message History

Vallasvow's ghost is heavily damaged.
Vallasvow's ghost hits you.
You closely miss vallasvow's ghost.
Vallasvow's ghost is heavily damaged.
Your shield and plate armour prevent you from hitting vallasvow's ghost.
Vallasvow's ghost is heavily damaged.
Vallasvow's ghost barely misses you.
You miss vallasvow's ghost.
Vallasvow's ghost is heavily damaged.
Vallasvow's ghost completely misses you.
You miss vallasvow's ghost.
Vallasvow's ghost is heavily damaged.
You block vallasvow's ghost's attack.
You hit vallasvow's ghost but do no damage.
Vallasvow's ghost is heavily damaged.
You block vallasvow's ghost's attack.
You completely miss vallasvow's ghost.
Vallasvow's ghost is heavily damaged.
Vallasvow's ghost hits you!!
You die...

.. ###. .. ... ..# .. #.#
..# ... ..# #.$ #.# ..# ..#
...##.######## #.# #..#
.##.#.#......#.#..#...
###.#(#.≈..≈.#.#.#..# #
#...#......#..W..# .
###..##......###@#######...
......#.≈..≈.#..)).........
......#......#..(.((.####.
......###''###..####.$...#
.......##......## ####.#
##.)...#######.#
.....#########.##
..#.............#
.#...#########...#


You could see vallasvow's ghost.

Vanquished Creatures
  A hydra (D:6)
  4 two-headed ogres
  The ghost of DeXoteric the Grappler, a novice CeCK of Xom (D:6)
  2 unseen horrors
  A deep elf mage (D:8)
  Psyche (D:9)
  A queen bee (D:10)
  2 trolls
  A hungry ghost (D:11)
  A water moccasin (D:5)
  2 porcupines (D:9)
  7 black bears
  An ice beast (D:10)
  3 orc warriors (D:6)
  A necrophage (D:10)
  2 phantoms
  2 ogres
  A crocodile (D:9)
  4 centaurs
  2 big kobolds
  11 bullfrogs
  A wyvern zombie (D:9)
  2 wyvern skeletons
  6 scorpions
  2 water moccasin skeletons
  4 wights (D:6)
  27 killer bees
  3 howler monkeys
  An electric eel (D:8)
  A centaur zombie (D:7)
  12 crimson imps
  A quasit (D:9)
  3 orc priests
  3 jellies
  A centaur skeleton (D:4)
  13 hounds
  7 iguanas
  2 bullfrog skeletons
  10 orc wizards
  10 worker ants
  A hound zombie (D:9)
  2 hound skeletons
  2 howler monkey zombies
  9 adders
  2 shadow imps
  An ooze (D:3)
  An adder zombie (D:8)
  3 adder skeletons
  5 worms
  2 dart slugs (D:1)
  9 leopard geckos
  28 orcs
  8 giant cockroaches
  10 hobgoblins
  6 jackals
  17 kobolds
  2 quokkas
  3 ball pythons
  7 bats
  6 frilled lizards
  10 goblins
  A jackal skeleton (D:8)
  2 quokka zombies
  3 rats
  3 plants (D:6)
303 creatures vanquished.

Vanquished Creatures (others)
  28 fungi (D:9)
  20 plants
48 creatures vanquished.

Grand Total: 351 creatures vanquished

Notes
Turn   | Place    | Note
-------+----------+-------------------------------------------
     0 | D:1      | michal191288 the Gargoyle Fighter began the quest for the Orb.
     0 | D:1      | Reached XP level 1. HP: 14/14 MP: 1/1
    62 | D:1      | Reached XP level 2. HP: 19/19 MP: 2/2
   677 | D:1      | Reached XP level 3. HP: 23/23 MP: 3/3
  1671 | D:2      | Reached XP level 4. HP: 28/28 MP: 4/4
  2532 | D:3      | Found a white marble altar of Elyvilon.
  2550 | D:3      | Became a worshipper of Elyvilon the Healer
  2554 | D:3      | Was placed under penance by Elyvilon
  3065 | D:3      | Fell from the grace of Elyvilon
  3185 | D:3      | Got a dazzling helmet
  3186 | D:3      | Identified the +0 helmet of Gow Jang {Dex+2 SInv} (You found it on level 3 of the Dungeon)
  3535 | D:4      | Found a sparkling altar of Nemelex Xobeh.
  3537 | D:4      | Found a bloodstained altar of Trog.
  3540 | D:4      | Found a shimmering altar of Xom.
  3541 | D:4      | Found a burning altar of Makhleb.
  3542 | D:4      | Found a deep blue altar of Sif Muna.
  3570 | D:4      | Reached XP level 5. HP: 12/33 MP: 5/5
  3821 | D:4      | Became a worshipper of Makhleb the Destroyer
  4333 | D:4      | Noticed a phantom
  4643 | D:5      | Entered Level 5 of the Dungeon
  4673 | D:5      | Was forgiven by Elyvilon
  4673 | D:5      | Reached skill level 1 in Dodging
  4673 | D:5      | Reached XP level 6. HP: 38/38 MP: 6/6
  5005 | D:5      | Noticed a water moccasin
  5014 | D:5      | Killed a water moccasin
  5014 | D:5      | Reached * piety under Makhleb
  5014 | D:5      | Reached skill level 1 in Throwing
  5014 | D:5      | Reached XP level 7. HP: 44/44 MP: 7/7
  5317 | D:5      | Reached skill level 5 in Maces & Flails
  5543 | D:6      | Reached skill level 5 in Armour
  5575 | D:6      | Reached skill level 5 in Shields
  5744 | D:6      | Noticed DeXoteric's ghost (novice CeCK)
  5765 | D:6      | Killed DeXoteric's ghost
  5765 | D:6      | Reached skill level 5 in Fighting
  5765 | D:6      | Reached XP level 8. HP: 49/49 MP: 8/8
  5976 | D:6      | Found a large runed door.
  5980 | D:6      | Found a large runed door.
  6000 | D:6      | Noticed a four-headed hydra
  6001 | D:6      | Found a large runed door.
  6001 | D:6      | Found a large runed door.
  6014 | D:6      | Killed a four-headed hydra
  6014 | D:6      | Reached XP level 9. HP: 10/54 MP: 9/9
  6700 | D:6      | Reached skill level 1 in Stealth
  6731 | D:6      | Found a staircase to the Ecumenical Temple.
  6770 | Temple   | Entered the Ecumenical Temple
  7557 | D:7      | Reached ** piety under Makhleb
  7570 | D:7      | Reached XP level 10. HP: 60/60 MP: 10/10
  7646 | D:7      | Found Lauffov's Magic Scroll Emporium.
  7654 | D:7      | Bought a scroll of identify for 30 gold pieces
  7654 | D:7      | Bought a scroll of remove curse for 45 gold pieces
  7654 | D:7      | Bought a scroll of remove curse for 45 gold pieces
  8104 | D:8      | Found Veyklien's Food Boutique.
  9443 | D:8      | Found a bloodstained altar of Trog.
  9454 | D:8      | Reached *** piety under Makhleb
  9601 | D:8      | Noticed a deep elf mage
  9611 | D:8      | Killed a deep elf mage
  9917 | D:9      | Reached skill level 10 in Maces & Flails
 10219 | D:9      | Found a staircase to the Lair.
 10232 | D:9      | Noticed a two-headed ogre
 10233 | D:9      | Noticed a two-headed ogre
 10253 | D:9      | Reached XP level 11. HP: 56/66 MP: 8/11
 10282 | D:9      | Killed a two-headed ogre
 10300 | D:9      | Killed a two-headed ogre
 10300 | D:9      | Reached skill level 10 in Shields
 10310 | D:9      | Noticed a two-headed ogre
 10332 | D:9      | Killed a two-headed ogre
 10442 | D:9      | Reached **** piety under Makhleb
 10563 | D:9      | Found Yrhenuel's Magic Scroll Shoppe.
 10572 | D:9      | Bought a scroll of blinking for 82 gold pieces
 10572 | D:9      | Bought a scroll of identify for 22 gold pieces
 10572 | D:9      | Bought a scroll of enchant weapon for 82 gold pieces
 10572 | D:9      | Bought a scroll of enchant armour for 82 gold pieces
 10572 | D:9      | Bought a scroll of identify for 22 gold pieces
 10572 | D:9      | Bought a scroll of identify for 22 gold pieces
 10717 | D:9      | Noticed Psyche
 10727 | D:9      | Killed Psyche
 10834 | D:10     | Entered Level 10 of the Dungeon
 10907 | D:10     | Found Puoc's Gadget Boutique.
 10952 | D:10     | Found a staircase to the Orcish Mines.
 11298 | D:10     | Noticed an unseen horror
 11313 | D:10     | Killed an unseen horror
 11346 | D:11     | Found a labyrinth entrance.
 11346 | D:11     | Noticed vallasvow's ghost (journeyman TrMo)
 11552 | D:11     | HP: 1/67 [vallasvow's ghost (15)]
 11997 | D:11     | Noticed an unseen horror
 12007 | D:11     | Killed an unseen horror
 13216 | D:11     | Found a shimmering altar of Xom.
 13331 | D:11     | Noticed a two-headed ogre
 13344 | D:11     | Killed a two-headed ogre
 13344 | D:11     | Reached XP level 12. HP: 72/72 MP: 7/12
 13513 | D:11     | Mangled by vallasvow's ghost

Skill      XL: |  1  2  3  4  5  6  7  8  9 10 11 |
---------------+----------------------------------+-----
Maces & Flails | 3 4 6 8 9 10 11 | 11.6
Armour         | 4 5 6 7 8 9 |  9.1
Shields        | 4 5 6 7 9 11 | 11.5
Fighting       | 4 5 6 7 |  7.6
Dodging        | 1 2 |  2.7
Throwing       | 1 2 3 |  3.1
Stealth        | 1 |  1.3
Evocations     | |  0.1

Action                   |  1- 3 |  4- 6 |  7- 9 | 10-12 || total
-------------------------+-------+-------+-------+-------++-------
Melee: Flail             |    98 |       |       |       ||    98
       Mace              |    32 |   164 |   248 |   735 ||  1179
Throw: Tomahawk          |       |     8 |    14 |    21 ||    43
Evoke: Wand              |       |       |       |     1 ||     1
  Use: Scroll            |     3 |    11 |     8 |     6 ||    28
  Eat: Bread ration      |     1 |       |       |       ||     1
       Chunk             |       |     6 |     7 |    12 ||    25
       Royal jelly       |       |     1 |     1 |     6 ||     8
Armor: Scale mail        |    93 |    81 |    28 |       ||   202
       Plate armour      |       |       |   131 |   460 ||   591
Dodge: Dodged            |    40 |    54 |    67 |   227 ||   388
Block: Shield            |    71 |    74 |   146 |   536 ||   827
